 Dungeon Crawl Stone Soup version 0.32-a0-656-g3542139ebd (webtiles) character file.

Game seed: 2884691297193299680

892 BubbleThief the Ducker (level 8, 0/64 HPs)
             Began as a Merfolk Gladiator on Mar 9, 2024.
             Slain by a hornet zombie (6 damage)
             ... on level 6 of the Dungeon.
             The game lasted 00:05:47 (5157 turns).

BubbleThief the Ducker (Merfolk Gladiator)          Turns: 5157, Time: 00:05:47

Health: 0/64       AC: 10    Str: 17    XL:     8   Next: 6%
Magic:  8/8        EV: 14    Int:  7    God:
Gold:   309        SH:  5    Dex: 15    Spells: 7/7 levels left

rFire   . . .        a - +0 trident
rCold   . . .        (no shield)
rNeg    . . .        x - +3 ring mail
rPois   .            c - +0 helmet
rElec   .            (no cloak)
rCorr   .            (no gloves)
SInv    .            g - +0 pair of boots
Will    .....        t - amulet of reflection
Stlth   +            r - ring of flight
HPRegen 0.30/turn    (no ring)
MPRegen 0.11/turn

%: reflection
@: flying
A: (nimble swimmer 2), mertail
a: no special abilities


You were on level 6 of the Dungeon.
You visited 1 branch of the dungeon, and saw 6 of its levels.

You collected 309 gold pieces.

Inventory:

Hand Weapons
 a - a +0 trident (weapon)
Missiles
 d - a throwing net (quivered)
 e - a javelin
 u - 2 curare-tipped darts
Armour
 b - a +0 leather armour
 c - a +0 helmet (worn)
 g - a +0 pair of boots (worn)
 x - a +3 ring mail (worn)
Jewellery
 r - a ring of flight (left hand)
 t - an amulet of reflection (around neck)
Scrolls
 h - 4 scrolls of teleportation
 j - 2 scrolls of enchant armour {unknown}
 k - a scroll of silence {unknown}
 p - a scroll of blinking {unknown}
 q - 2 scrolls of fear {unknown}
 w - a scroll of identify {unknown}
 y - a scroll of poison {unknown}
Potions
 f - 2 potions of curing
 i - 3 potions of heal wounds {unknown}
 l - 2 potions of haste {unknown}
 m - 2 potions of might {unknown}
 n - 2 potions of brilliance {unknown}
 o - 2 potions of mutation {unknown}
 s - 2 potions of degeneration {unknown}
 v - a potion of cancellation {unknown}


   Skills:
 + Level 6.0 Fighting
 + Level 7.7 Polearms
 - Level 2.0 Throwing
 + Level 7.8 Dodging


You had 7 spell levels left.
You didn't know any spells.
Your spell library contained the following spells:

 Spells                   Type           Power      Damage    Failure   Level
 Freeze                   Ice            0%         1d3       65%         1
 Frozen Ramparts          Ice            0%         1d1       95%         3
 Hailstorm                Conj/Ice       0%         3d5       95%         3


Dungeon Overview and Level Annotations

Branches:
Dungeon (6/15)
 Temple: D:4-7

Altars:
Dithmenos


Innate Abilities, Weirdness & Mutations

((You are very nimble when in or above water. (Stealth+, EV+, Speed+++)))
Your lower body shifts to a powerful aquatic tail in water.


Message History

The wyvern zombie is almost destroyed.
The wyvern zombie bites you but does no damage.
You barely miss the wyvern zombie.
The wyvern zombie is almost destroyed.
The wyvern zombie barely misses you.
Unknown command.
You hit the wyvern zombie.
You destroy the wyvern zombie!
Your Fighting skill increases to level 6!
You have reached level 8!
Throw: 2 throwing nets
Press: ? - help, Q - select action, (/) - cycle Shift-Dir - straight line, f - hornet zombie
Aim: a hornet zombie (64% to hit)
You throw a throwing net.
The throwing net hits the hornet zombie.
The hornet zombie is caught in the net!
The hornet zombie struggles against the net.
You strike the helpless hornet zombie from behind!
You puncture the hornet zombie!
The hornet zombie is lightly damaged.
The hornet zombie struggles against the net. x2
You hit the hornet zombie but do no damage.
The hornet zombie is lightly damaged.
The hornet zombie struggles against the net.
The net rips apart, and the hornet zombie comes free!
You puncture the hornet zombie!
The hornet zombie is moderately damaged.
You block the hornet zombie's attack.
Unknown command.
You hit the hornet zombie but do no damage.
The hornet zombie is moderately damaged.
The hornet zombie completely misses you.
You barely miss the hornet zombie.
The hornet zombie is moderately damaged.
The hornet zombie hits you!
* * * LOW HITPOINT WARNING * * *
You puncture the hornet zombie!
The hornet zombie is heavily damaged.
The hornet zombie hits you.
You die...

#### .....
######......
##...@Z......
#..####...... #.##
.....
#####.#############
#........##........
#.######.##........
####'##........
#.....<.)......
#.....)........


You could see a hornet zombie.

Vanquished Creatures
  Menkaure (D:5)
  A black bear (D:5)
  A phantom (D:4)
  Blork the orc (D:5)
  A wyvern zombie (D:6)
  2 scorpions (D:4)
  A bombardier beetle (D:3)
  An orc priest (D:5)
  A hound (D:5)
  4 iguanas
  Robin (D:3)
  9 adders
  3 dart slugs (D:1)
  9 orcs
  6 endoplasms
  3 giant cockroaches
  17 goblins
  8 hobgoblins
  4 jackals (D:1)
  8 kobolds
  2 quokkas
  2 ball pythons
  7 bats
  2 frilled lizards
  4 rats
99 creatures vanquished.

Notes
Turn   | Place    | Note
-------+----------+-------------------------------------------
     0 | D:1      | BubbleThief the Merfolk Gladiator began the quest for the
                  | Orb.
     0 | D:1      | Reached XP level 1. HP: 16/16 MP: 1/1
   176 | D:1      | Reached XP level 2. HP: 23/23 MP: 2/2
   374 | D:1      | Reached XP level 3. HP: 28/28 MP: 3/3
   755 | D:2      | Reached skill level 5 in Dodging
   755 | D:2      | Reached XP level 4. HP: 28/35 MP: 4/4
   760 | D:2      | Reached skill level 5 in Polearms
  1682 | D:3      | Reached XP level 5. HP: 42/42 MP: 5/5
  1959 | D:3      | Noticed Robin
  1978 | D:3      | Killed Robin
  2460 | D:4      | Found a shadowy altar of Dithmenos.
  2480 | D:4      | Noticed a phantom
  2500 | D:4      | Killed a phantom
  2501 | D:4      | Reached XP level 6. HP: 30/48 MP: 6/6
  3686 | D:5      | Entered Level 5 of the Dungeon
  3704 | D:5      | Reached XP level 7. HP: 27/55 MP: 7/7
  3851 | D:5      | Noticed Blork the orc
  3866 | D:5      | Killed Blork the orc
  3867 | D:5      | Reached skill level 5 in Fighting
  4262 | D:5      | Noticed Menkaure
  4270 | D:5      | Killed Menkaure
  5151 | D:6      | Reached XP level 8. HP: 12/64 MP: 8/8
  5157 | D:6      | Slain by a hornet zombie

Illustrated notes

Levels and vault maps discovered:
D:1:      roadster_arrival_rocket_small, layout_loops_ring,
          kennysheep_flooded_box, minmay_misc_feat_secret_circle,
          grunt_decor_junction
D:2:      minmay_spotlight, layout_loops_ring, serial_glass, glass_columns_b,
          glass_columns_b, minmay_strange_pillars, feat_on_display,
          item_on_display_a, item_on_display_a
D:3:      cheibrodos_helix_gallery, layout_basic, uniq_robin
D:4:      layout_gridville, nicolae_dithmenos_shadow_blocks,
          nicolae_hexahallways, abandoned_shop,
          nicolae_concentric_dashed_squares_wild, minmay_distorted
D:5:      layout_basic, corexii_corridor_pit, uniq_menkaure, uniq_blork_the_orc
D:6:      layout_basic, nicolae_uskayaw_dance_hall,
          lemuel_zombie_altar_yredelemnul, ebering_ghost_rock_garden

Skill      XL: |  1  2  3  4  5  6  7 |
---------------+----------------------+-----
Fighting       | 3 4 6 |  6.0
Dodging        | 5 6 7 |  7.8
Polearms       | 5 6 7 |  7.7
Throwing       | |  2.0

Action                     |  1- 3 |  4- 6 |  7- 9 || total
---------------------------+-------+-------+-------++-------
  Melee: Trident           |    89 |   215 |   126 ||   430
  Throw: Throwing net      |       |     2 |     2 ||     4
    Use: Scroll            |       |       |     1 ||     1
         Potion            |       |       |     1 ||     1
   Stab: Sleeping          |     2 |     1 |       ||     3
         Distracted        |       |     1 |       ||     1
         Held in net/web   |       |     1 |     1 ||     2
 Armour: Leather armour    |    32 |    78 |    33 ||   143
         Ring mail         |       |       |    28 ||    28
  Dodge: Dodged            |    46 |   122 |    71 ||   239
  Block: Other             |       |       |     9 ||     9

Table legend: (Time is in decaauts)
 A = Elapsed time spent in this place.
 B = Non-inter-level travel time spent in this place.
 C = Inter-level travel time spent in this place.
 D = Time resting spent in this place.
 E = Time spent auto-exploring this place.
 F = Levels seen in this place.
 G = Mean time per level.
                   A        B        C        D        E       F      G
               +--------+--------+--------+--------+--------+-----+--------+
         Total |   5151 |   4952 |    199 |    140 |   4000 |   6 |  858.5 |
       Dungeon |   5151 |   4952 |    199 |    140 |   4000 |   6 |  858.5 |
               +--------+--------+--------+--------+--------+-----+--------+

Top non-repeatable levels by time:
     D:5: 1361 daAuts
     D:4: 1235 daAuts
     D:3: 1060 daAuts
     D:2: 699 daAuts
     D:1: 695 daAuts
     D:6: 99 daAuts
